 Dungeon Crawl Stone Soup version 0.17-a0-1129-g5854844 (webtiles) character file.

339 inmateoo the Ruffian (level 6, -6/57 HPs)
             Began as a Troll Ice Elementalist on May 24, 2015.
             Was a Believer of Cheibriados.
             Mangled by a gnoll
             ... wielding a +0 halberd
              (12 damage)
             ... on level 4 of the Dungeon.
             The game lasted 00:06:37 (2246 turns).

inmateoo the Ruffian (Troll Ice Elementalist)       Turns: 2246, Time: 00:06:37

Health: -6/57      AC:  6    Str: 21    XL:     6   Next: 29%
Magic:  8/8        EV: 10    Int: 17    God:    Cheibriados [**....]
Gold:   203        SH:  0    Dex: 14    Spells: 2 memorised, 6 levels left

rFire  . . .     SeeInvis .       - Unarmed
rCold  . . .     Clarity  .     a - +1 robe
rNeg   . . .     SustAt   .     (no shield)
rPois  .         Gourm    +     (helmet restricted)
rElec  .         Spirit   .     (no cloak)
rCorr  .         Warding  .     (gloves unavailable)
rMut   .         Stasis   .     (boots unavailable)
MR     .....                    (no amulet)
Stlth  ++........               (no ring)
                                (no ring)

@: very slow, not resistant to hostile enchantments, unstealthy
A: unfitting armour, claws 3, fast metabolism 3, gourmand, regeneration 2,
shaggy fur 1, tough skin 2
a: Bend Time, Renounce Religion


You were on level 4 of the Dungeon.
You worshipped Cheibriados.
Cheibriados was pleased with you.
You were very full.

You visited 1 branch of the dungeon, and saw 4 of its levels.

You collected 203 gold pieces.

Inventory:

Armour
 a - a +1 robe (worn)
Scrolls
 d - a scroll of enchant armour
 h - a scroll of blinking
Potions
 e - a potion of might {unknown}
 i - a potion of heal wounds {unknown}
 j - 2 potions of curing {unknown}
 l - a potion of brilliance {unknown}
Books
 b - a book of Frost

   Spells                             Type                      Level
   a - Freeze                         Ice                          1
   b - Throw Frost                    Conjuration/Ice              2
   c - Ozocubu's Armour               Charms/Ice                   3
   d - Throw Icicle                   Conjuration/Ice              4
   e - Summon Ice Beast               Ice/Summoning                4
   f - Condensation Shield            Ice                          4
Comestibles
 c - 2 bread rations
 f - 2 meat rations


   Skills:
 + Level 1.9 Fighting
 + Level 2.6 Dodging
 - Level 1.1 Stealth
 * Level 3.2 Unarmed Combat
 + Level 2.2 Spellcasting
 - Level 0.6 Conjurations
 * Level 2.8 Ice Magic


You had 6 spell levels left.
You knew the following spells:

 Your Spells              Type           Power        Failure   Level  Hunger
a - Freeze                Ice            ##..         10%         1    #......
b - Throw Frost           Conj/Ice       #.....       17%         2    ###....


Dungeon Overview and Level Annotations

Branches:
Dungeon (4/15)
 Temple: D:4-7

Altars:
Cheibriados
Elyvilon
Fedhas
Okawaru


Innate Abilities, Weirdness & Mutations

You are too large for most types of armour.
You have claws for hands.
Your metabolism is lightning-fast.
You like to eat raw meat.
You heal very quickly.
You are covered in fur (AC +1).
You have very tough skin (AC +2).


Message History

You kill the orc!
Cheibriados appreciates the change of pace.
The kobold hits you with a short sword.
* * * LOW HITPOINT WARNING * * *
The gnoll hits you from afar with a halberd.
* * * LOW HITPOINT WARNING * * *
You see here a short sword.
The kobold hits you but does no damage. The kobold hits you with a short sword.
* * * LOW HITPOINT WARNING * * *
The orc throws a tomahawk.
The tomahawk hits you.
* * * LOW HITPOINT WARNING * * *
An orc comes into view. It is wielding a flail.
You see here a tomahawk.
An orc comes into view. It is wielding a dagger.
The orc hits you with a flail.
* * * LOW HITPOINT WARNING * * *
The kobold barely misses you.
The gnoll hits you from afar with a halberd!
You die...

#......)..#
##........# .#
#........# .#
##.....รท.# .#
#.>#.#### .# #.##.#
.# ########.##)# o#
.......#.##.#####o#
######.#.##...gK@.#
....#..#.##########
##.....#.#
#####..#.#
....<..#.#
####...#.#
########.#
.........#
##########


You could see a gnoll, 2 orcs and a kobold.

Vanquished Creatures
  The ghost of requice the Chopper, an average MiBe of Trog (D:3)
  An ogre (D:4)
  An orc wizard (D:3)
  2 gnolls
  4 adders
  A worm (D:2)
  A giant gecko (D:2)
  6 orcs
  A ball python (D:1)
  8 bats
  2 giant cockroaches
  14 goblins
  9 hobgoblins
  2 quokkas (D:2)
  6 giant newts
  4 jackals
  6 kobolds
  6 rats
75 creatures vanquished.

Vanquished Creatures (others)
  A jackal (D:3)
1 creature vanquished.

Grand Total: 76 creatures vanquished

Notes
Turn   | Place    | Note
--------------------------------------------------------------
     0 | D:1      | inmateoo the Troll Ice Elementalist began the quest for the Orb.
     0 | D:1      | Reached XP level 1. HP: 16/16 MP: 1/1
   131 | D:1      | Reached skill level 1 in Unarmed Combat
   145 | D:1      | Reached XP level 2. HP: 24/24 MP: 2/2
   731 | D:2      | Reached skill level 1 in Fighting
   787 | D:2      | Reached XP level 3. HP: 33/33 MP: 4/4
   842 | D:2      | Found a snail-covered altar of Cheibriados.
   963 | D:2      | Became a worshipper of Cheibriados the Contemplative
  1205 | D:2      | Found an iron altar of Okawaru.
  1230 | D:2      | Reached XP level 4. HP: 41/41 MP: 5/5
  1393 | D:3      | Found a white marble altar of Elyvilon.
  1522 | D:3      | Acquired Cheibriados's first power
  1525 | D:3      | Noticed requice's ghost (average MiBe)
  1549 | D:3      | Killed requice's ghost
  1549 | D:3      | Reached XP level 5. HP: 48/48 MP: 6/6
  1602 | D:3      | Reached skill level 3 in Unarmed Combat
  1784 | D:3      | Learned a level 2 spell: Throw Frost
  1926 | D:3      | Found an iron altar of Okawaru.
  2046 | D:4      | Found a blossoming altar of Fedhas.
  2060 | D:4      | Noticed an ogre
  2067 | D:4      | HP: 1/73 [ogre/giant spiked club (4)]
  2070 | D:4      | Killed an ogre
  2070 | D:4      | Reached XP level 6. HP: 2/57 MP: 8/8
  2246 | D:4      | Mangled by a gnoll

Vault maps used:
D:1:      minmay_arrival_checkered_box, patterned_corridor
D:2:      cheibriados_altar_1, lemuel_crystal_altar
D:3:      elyvilon_altar_4, okawaru_altar_gauntlet_db
D:4:      nicolae_qazlal_style_of_elements, nicolae_tso_swordbearing_angel,
          fedhas_altar_1, uniq_duvessa, uniq_robin

Action                   |  1- 3 |  4- 6 || total
-------------------------+-------+-------++-------
Melee: Unarmed           |   128 |   129 ||   257
  Use: Scroll            |       |     9 ||     9
       Potion            |       |     2 ||     2
 Stab: Sleeping          |     2 |       ||     2
  Eat: Chunk             |    15 |     9 ||    24
